 Dungeon Crawl Stone Soup version 0.17-a0-1037-gbf358b4 (webtiles) character file.

3067 Gorice the Slicer (level 10, -13/50 HPs)
             Began as a Kobold Wanderer on May 13, 2015.
             Mangled by a wyvern (16 damage)
             ... on level 8 of the Dungeon on May 14, 2015.
             The game lasted 00:54:03 (9001 turns).

Gorice the Slicer (Kobold Wanderer)                 Turns: 9001, Time: 00:54:03

Health: -13/50     AC:  6    Str:  8    XL:     10   Next: 12%
Magic:  11/11      EV: 15    Int: 14    God:
Gold:   446        SH:  0    Dex: 18    Spells: 0 memorised, 11 levels left

rFire  . . .     SeeInvis .     b - +2 blowgun
rCold  . . .     Clarity  .     l - +0 ring mail
rNeg   . . .     SustAb   .     (shield restricted)
rPois  .         Gourm    .     (helmet restricted)
rElec  .         Spirit   .     (no cloak)
rCorr  .         Warding  .     o - +0 pair of gloves
rMut   .         Stasis   .     (no boots)
MR     .....                    (no amulet)
Stlth  ++++......               G - ring of loudness (curse)
                                Q - ring of stealth

@: silence, not resistant to hostile enchantments, stealthy
A: antennae 1, carnivore 3
a: no special abilities


You were on level 8 of the Dungeon.
You were very full.

You visited 2 branches of the dungeon, and saw 9 of its levels.
You also visited: Ossuary.

You collected 474 gold pieces.
You spent 28 gold pieces at shops.

Inventory:

Hand weapons
 a - a +0 dagger of electrocution
   (You found it on level 3 of the Dungeon)
 b - a +2 blowgun (weapon)
 i - a +0 short sword of electrocution
   (You took it off a kobold on level 3 of the Dungeon)
 s - a +0 hunting sling
 A - a +1 rapier of draining
   (You found it on level 5 of the Dungeon)
 F - a +1 dagger of speed
   (You took it off a goblin on level 6 of the Dungeon)
 W - a +0 dagger of electrocution
   (You found it on level 8 of the Dungeon)
Missiles
 j - 2 curare-tipped needles
 p - 37 sling bullets
 t - 13 poisoned needles (quivered)
 K - 2 tomahawks
 M - 4 needles of slowing
 Z - 162 stones
Armour
 l - a +0 ring mail (worn)
 o - a +0 pair of gloves (worn)
 r - a +1 scale mail of magic resistance
   (You took it off an orc on level 7 of the Dungeon)
 u - a +3 scale mail of positive energy
   (You took it off Terence on level 3 of the Dungeon)
Jewellery
 B - an uncursed amulet of faith {!P}
 G - a cursed ring of loudness (right hand)
 H - an uncursed ring of teleport control
 L - an uncursed ring of flight
 Q - a ring of stealth (left hand)
 R - an uncursed ring of protection from magic
 U - an uncursed ring of sustain abilities
 V - an uncursed ring of protection from fire
 Y - an uncursed ring of protection from magic
Magical devices
 y - a wand of frost (28)
 N - a wand of fireball (7)
 T - a wand of flame (15)
Scrolls
 e - a scroll of remove curse
 g - 3 scrolls of identify
 v - 2 scrolls of magic mapping {!r}
 C - a scroll of fog
 S - a scroll of silence {!r}
Potions
 h - 2 potions of magic {!q}
 m - 3 potions of curing
 n - 2 potions of resistance {!q}
 q - a potion of ambrosia {!q}
 w - a potion of brilliance {!q}
 x - a potion of cancellation {!q}
 z - 4 potions of heal wounds {unknown}
 D - a potion of might {unknown}
 J - 2 potions of flight {unknown}
 O - a potion of haste {unknown}
 P - a potion of agility {unknown}
Books
 c - the Catalogue of the First Deaths

   Spells                             Type                      Level
   a - Magic Dart                     Conjuration                  1
   b - Flame Tongue                   Conjuration/Fire             1
 d - the Compendium of Earth

   Spells                             Type                      Level
   a - Sandblast                      Earth                        1
   b - Stone Arrow                    Conjuration/Earth            3
Comestibles
 f - 7 meat rations {!e}
 k - 3 slices of pizza
 E - a royal jelly
 I - 4 beef jerkies
 X - a chunk of flesh


   Skills:
 - Level 12.0 Short Blades
 - Level 2.3 Throwing
 + Level 4.9 Dodging
 + Level 12.0 Stealth
 - Level 1.0 Spellcasting
   Level 2.0 Translocations
   Level 2.0 Earth Magic
 - Level 1.2 Evocations


You had 11 spell levels left.
You didn't know any spells.

Dungeon Overview and Level Annotations

Branches:
Dungeon (8/15)             Temple (1/1) D:5
   Lair: D:8-11

Altars:
Ashenzari
Cheibriados
Dithmenos
Elyvilon
Fedhas
Gozag
Kikubaaqudgha
Makhleb
Nemelex Xobeh
Okawaru
Qazlal
Trog
Vehumet
Xom
Yredelemnul
Zin
The Shining One

Shops:
D:6 *

Annotations:
D:3 vpUX: Sif temple guarded by Jess, 1 exclusion, Jessica


Innate Abilities, Weirdness & Mutations

You are small and have problems with some larger weapons.
You are carnivorous and can eat meat at any time.
You have a pair of small antennae on your head.


Message History

The hippogriff claws you.
Damage: 9 (max 9)
You closely miss the hippogriff.
The hippogriff is heavily wounded.
Your ring mail prevents you from hitting the hippogriff.
The hippogriff is heavily wounded.
The hippogriff barely misses you. The hippogriff misses you.
The hippogriff closely misses you.
You hit the hippogriff.
There is a sudden explosion of sparks!
The hippogriff is almost dead.
You hit the hippogriff but do no damage.
There is a sudden explosion of sparks!
You kill the hippogriff!
Your Stealth skill increases to level 12!
Wield which item (- for none, * to show all)? (? for menu, Esc to quit)
Your +0 dagger of electrocution stops crackling.
b - a +2 blowgun (weapon)
The wyvern closely misses you.
Firing (i - inventory. (,) - cycle):
t - 14 poisoned needles (quivered)
Press: ? - help, Shift-Dir - straight line, f - wyvern
Aim: a wyvern You shoot a poisoned needle.
The poisoned needle hits the wyvern!
The wyvern is poisoned.
The wyvern bites you. The wyvern bites you.
Damage: 8 (max 9)
The wyvern completely misses you. The wyvern bites you!
* * * LOW HITPOINT WARNING * * *
Damage: 16 (max 16) Unknown command.
Drink which item? (? for menu, Esc to quit)
Okay, then.
Read which item? (? for menu, Esc to quit)
Okay, then.
Drink which item? (? for menu, Esc to quit)
You feel better. The wyvern bites you!
* * * LOW HITPOINT WARNING * * *
Damage: 2 (max 16)
The wyvern bites you.
* * * LOW HITPOINT WARNING * * *
Damage: 1 (max 16) Unknown command.
Press: ? - help, v - describe, . - travel
Here: a wyvern (lightly wounded, poisoned)
The floor, spattered with blood.
Unknown command.
Read which item? (? for menu, Esc to quit)
As you read the scroll labeled ZITANN TYACYLL, it crumbles to dust.
A profound silence engulfs you.
It was a scroll of silence.
The wyvern bites you!
You die...

##.............
#####8.###..#......
##...##.# ##.#......
#..##.#.####........
##.....#.##..........
####......#(##.##.......
#...##...##.##..........
#..)8##.l.8.######.###.#
#......@+...............
#.......##########.###.#
######+##.###### #.#....
#.......# #.#.#..
##.####.# #...#.. #<#
#.# ##..#.. r. #.# #.#
#..#.# #h #.# #.# #.....
#. #.# #.# ##...#


You could see a wyvern.

Vanquished Creatures
  A spriggan (D:7)
  A hippogriff (D:8)
  3 hungry ghosts
  An orc warrior (D:6)
  A sky beast (D:6)
  2 ice beasts
  2 centaurs (D:6)
  2 phantoms (D:4)
  3 ogres
  A giant frog (D:4)
  An elf zombie (Ossuary)
  3 crimson imps
  3 hounds
  5 orc wizards
  2 quasits
  A jelly (D:5)
  3 orc priests
  A centaur zombie (Ossuary)
  A giant frog skeleton (D:8)
  7 worker ants
  2 iguanas
  A human zombie (Ossuary)
  Terence (D:3)
  A big kobold zombie (Ossuary)
  2 hound zombies
  A hound skeleton (D:4)
  3 mummies (Ossuary)
  A worker ant zombie (D:5)
  5 gnolls
  8 adders
  An ooze (D:4)
  7 adder zombies
  A worm (D:2)
  10 giant geckos
  16 orcs
  A ball python (D:1)
  9 bats
  2 bat zombies (D:5)
  6 gnoll zombies (Ossuary)
  13 goblins
  9 hobgoblins
  12 kobolds
  5 quokkas
  4 giant cockroaches
  A giant gecko skeleton (D:4)
  3 giant newts
  3 goblin zombies (Ossuary)
  A hobgoblin zombie (Ossuary)
  10 jackals
  4 jackal zombies
  5 kobold zombies (Ossuary)
  An orc zombie (Ossuary)
  A quokka skeleton (D:7)
  A quokka zombie (Ossuary)
  16 rats
  7 rat zombies (Ossuary)
218 creatures vanquished.

Notes
Turn   | Place    | Note
--------------------------------------------------------------
     0 | D:1      | Gorice the Kobold Wanderer began the quest for the Orb.
     0 | D:1      | Gorice set off with: 4 curare-tipped needles, a +2 blowgun, the Catalogue of the First Deaths, the Compendium of Earth, a +0 robe, a meat ration {!e}
     0 | D:1      | Reached XP level 1. HP: 10/10 MP: 2/2
     0 | D:1      | Identified the Catalogue of the First Deaths
     0 | D:1      | Identified the Compendium of Earth
   179 | D:1      | Reached skill level 2 in Stealth
   183 | D:1      | Reached skill level 2 in Throwing
   183 | D:1      | Reached XP level 2. HP: 15/15 MP: 3/3
   656 | D:1      | Reached skill level 1 in Short Blades
   656 | D:1      | Reached XP level 3. HP: 17/19 MP: 4/4
   734 | D:1      | Reached skill level 3 in Stealth
  1008 | D:2      | Gained mutation: You have a pair of small antennae on your head. [potion of beneficial mutation]
  1093 | D:1      | Reached skill level 2 in Short Blades
  1207 | D:2      | Found a basalt altar of Yredelemnul.
  1344 | D:2      | Found a sparkling altar of Nemelex Xobeh.
  1734 | D:2      | Reached XP level 4. HP: 24/24 MP: 5/5
  1795 | D:3      | Found a radiant altar of Vehumet.
  2099 | D:3      | Noticed Terence
  2115 | D:3      | Killed Terence
  2115 | D:3      | Reached skill level 3 in Short Blades
  2267 | D:3      | Found a snail-covered altar of Cheibriados.
  2336 | D:3      | Reached XP level 5. HP: 24/28 MP: 6/6
  2394 | D:3      | Reached skill level 4 in Stealth
  2573 | D:3      | Noticed Jessica
  2611 | D:4      | Reached skill level 4 in Short Blades
  2721 | D:4      | Reached skill level 5 in Short Blades
  2730 | D:4      | Reached XP level 6. HP: 21/32 MP: 7/7
  2774 | D:4      | Noticed a phantom
  2803 | D:4      | Killed a phantom
  2803 | D:4      | Reached skill level 5 in Stealth
  3114 | D:4      | HP: 8/32 [orc priest/divine providence (13)]
  3388 | D:4      | Reached skill level 6 in Short Blades
  3654 | D:4      | Reached XP level 7. HP: 29/36 MP: 8/8
  3693 | D:4      | Noticed a phantom
  3716 | D:4      | Killed a phantom
  3716 | D:4      | Reached skill level 7 in Short Blades
  3716 | D:4      | Reached skill level 6 in Stealth
  3815 | D:4      | Noticed a hungry ghost
  3841 | D:4      | Killed a hungry ghost
  4001 | D:5      | Entered Level 5 of the Dungeon
  4010 | D:5      | Reached skill level 8 in Short Blades
  4118 | D:5      | Found a staircase to the Ecumenical Temple.
  4139 | Temple   | Entered the Ecumenical Temple
  4205 | D:5      | Reached XP level 8. HP: 41/41 MP: 9/9
  4261 | D:5      | Found an iron altar of Okawaru.
  4607 | D:5      | Reached skill level 7 in Stealth
  5118 | D:6      | Reached skill level 9 in Short Blades
  5246 | D:6      | Reached skill level 10 in Short Blades
  5246 | D:6      | Reached skill level 8 in Stealth
  5282 | D:5      | HP: 11/41 [orc/flail (8)]
  5669 | D:6      | Found Qebee's General Store.
  5699 | D:6      | Bought a scroll of identify for 28 gold pieces
  5875 | D:6      | Reached XP level 9. HP: 27/45 MP: 10/10
  6115 | D:6      | Reached skill level 9 in Stealth
  6705 | D:6      | Reached skill level 11 in Short Blades
  7040 | D:7      | Reached skill level 10 in Stealth
  7066 | D:6      | HP: 11/45 [something/puff of flame (8)]
  7458 | D:7      | Found a white marble altar of Elyvilon.
  7632 | D:7      | Upgraded the game from 0.17-a0-1011-gfa70bdd to 0.17-a0-1037-gbf358b4
  8211 | D:8      | Reached skill level 12 in Short Blades
  8211 | D:8      | Reached skill level 11 in Stealth
  8239 | D:8      | Reached skill level 3 in Dodging
  8334 | D:8      | Found a sand-covered staircase.
  8358 | Ossuary  | Entered an ossuary
  8702 | Ossuary  | Reached XP level 10. HP: 50/50 MP: 11/11
  8775 | Ossuary  | Reached skill level 4 in Dodging
  8991 | D:8      | Reached skill level 12 in Stealth
  8998 | D:8      | HP: 6/50 [wyvern (16)]
  9001 | D:8      | Mangled by a wyvern

Vault maps used:
D:1:      dpeg_arrival_stone_temple_mockup
D:2:      nemelex_xobeh_ov_fountains_minmay, old_standard_altar
D:3:      nicolae_overflow_crystal_walls, tgw_sif, vehumet_altar_wand_db,
          first_bread, grunt_ministairs_7, uniq_terence, uniq_jessica
D:5:      minmay_temple_entry_junction, basic_altar
D:6:      serial_shops, shop, nicolae_benzene_ring
D:7:      the_bakery, hangedman_glass_teeth, elyvilon_altar_1
D:8:      kennysheep_little_box, lightli_ossuary_entry_decrepit_ruins,
          minmay_crystal_room, moated_statue
Temple:   nicolae_temple_god_jail
Ossuary:  minmay_ossuary_two_tombs

Action                   |  1- 3 |  4- 6 |  7- 9 | 10-12 || total
-------------------------+-------+-------+-------+-------++-------
Melee: Dagger            |    84 |   197 |   445 |    35 ||   761
 Fire: Blowgun           |    14 |    13 |    51 |     6 ||    84
       Hunting sling     |       |     2 |    35 |     3 ||    40
Throw: Stone             |     2 |       |     2 |       ||     4
Evoke: Wand              |       |       |     1 |       ||     1
  Use: Scroll            |     3 |     5 |     9 |     1 ||    18
       Potion            |     1 |       |       |     1 ||     2
 Stab: Sleeping          |     6 |     1 |    27 |     4 ||    38
       Distracted        |     1 |       |     5 |       ||     6
  Eat: Chunk             |    10 |     7 |    18 |     4 ||    39

Table legend:
 A = Turns spent in this place as a percentage of turns spent in the entire game.
 B = Non-inter-level travel turns spent in this place as a percentage of non-inter-level travel turns spent in the entire game.
 C = Inter-level travel turns spent in this place as a percentage of turns spent in this place.
 D = Turns resting spent in this place as a percentage of non-inter-level travel turns spent in this place.
 E = Turns spent auto-exploring this place as a percentage of non-inter-level travel turns spent in this place.
 F = Non-inter-level travel turns spent in this place divided by the number of levels of this place that you've seen.
                   A       B       C       D       E      F
               +-------+-------+-------+-------+-------+----------------------
         Total | 100.0 | 100.0 |   0.3 |   1.5 |   3.6 | 419.5
       Dungeon |  89.2 |  89.2 |   0.3 |   1.7 |   3.6 | 467.5
        Temple |   0.5 |   0.4 |   5.3 |   0.0 |  72.2 |  18.0
       Ossuary |  10.4 |  10.4 |   0.0 |   0.0 |   0.2 | 437.0
               +-------+-------+-------+-------+-------+----------------------

Vault maps used:
D:1:      dpeg_arrival_stone_temple_mockup
D:2:      nemelex_xobeh_ov_fountains_minmay, old_standard_altar
D:3:      nicolae_overflow_crystal_walls, tgw_sif, vehumet_altar_wand_db,
          first_bread, grunt_ministairs_7, uniq_terence, uniq_jessica
D:5:      minmay_temple_entry_junction, basic_altar
D:6:      serial_shops, shop, nicolae_benzene_ring
D:7:      the_bakery, hangedman_glass_teeth, elyvilon_altar_1
D:8:      kennysheep_little_box, lightli_ossuary_entry_decrepit_ruins,
          minmay_crystal_room, moated_statue
Temple:   nicolae_temple_god_jail
Ossuary:  minmay_ossuary_two_tombs
